 Dungeon Crawl Stone Soup version 0.24.0-13-gcf9b3192b9 (webtiles) character file.

Game seed: 10470014997188173477, levelgen mode: deterministic

485 Hybris the Chiller (level 7, -2/46 HPs)
             Began as a Merfolk Ice Elementalist on Nov 6, 2019.
             Was an Initiate of Wu Jian.
             Slain by a hornet zombie (10 damage)
             ... on level 8 of the Dungeon.
             The game lasted 00:24:04 (5703 turns).

Hybris the Chiller (Merfolk Ice Elementalist)       Turns: 5703, Time: 00:24:05

Health: -2/46      AC:  6    Str:  3    XL:     7   Next: 13%
Magic:  12/12      EV: 11    Int: 16    God:    Wu Jian [......]
Gold:   197        SH:  0    Dex: 15    Spells: 7/13 levels left

rFire    . . .     SeeInvis .   A - +5 spear "Oxzec" {freeze, rN+ Str-5 Stlth+}
rCold    . . .     Gourm    .   (no shield)
rNeg     + . .     Faith    .   m - +3 leather armour {MR+}
rPois    .         Spirit   .   (no helmet)
rElec    .         Reflect  .   (no cloak)
rCorr    .         Harm     .   (no gloves)
MR       +....                  (no boots)
Stlth    +++.......             (no amulet)
HPRegen  0.15/turn              (no ring)
MPRegen  0.13/turn              (no ring)

@: hasted, very quick
A: change form in water, swift swim, stealthy swim
a: Renounce Religion


You were on level 8 of the Dungeon.
You worshipped Wu Jian.
Wu Jian was noncommittal.
You were not hungry.

You visited 2 branches of the dungeon, and saw 8 of its levels.

You collected 197 gold pieces.

Inventory:

Hand Weapons
 d - a +2 hunting sling of flaming
 f - a +0 short sword
 h - a +0 hunting sling
 j - a +1 short sword of draining
 p - a +1 hand axe of venom
 A - the +5 spear "Oxzec" (weapon) {freeze, rN+ Str-5 Stlth+}
   (You found it on level 6 of the Dungeon)

   It has been specially enchanted to freeze those struck by it, causing extra
   injury to most foes and up to half again as much damage against particularly
   susceptible opponents.
   It can also slow down cold-blooded creatures.
   It affects your strength (-5).
   It protects you from negative energy.
   It makes you more stealthy.
Missiles
 e - 50 poisoned darts (quivered)
 k - 140 stones
Armour
 a - a +0 robe
 m - a +3 leather armour of magic resistance (worn)
 t - a +1 ring mail of fire resistance
Jewellery
 g - an uncursed ring of poison resistance {unknown}
 u - an uncursed ring of protection from fire {unknown}
Scrolls
 i - 5 scrolls of teleportation
 l - 6 scrolls of identify {unknown}
 q - 2 scrolls of amnesia {unknown}
 s - a scroll of fear {unknown}
 y - a scroll of magic mapping {unknown}
Potions
 b - a potion of degeneration {unknown}
 n - a potion of haste
 o - 2 potions of lignification {unknown}
 r - 2 potions of heal wounds {unknown}
 v - a potion of might {unknown}
 w - a potion of curing {unknown}
 x - 2 potions of agility {unknown}
 z - a potion of berserk rage {unknown}
Comestibles
 c - 6 rations


   Skills:
 * Level 3.5 Polearms
 - Level 2.6 Dodging
 - Level 2.1 Stealth
 - Level 3.5 Spellcasting
 - Level 1.3 Conjurations
 - Level 4.2 Charms
 - Level 5.3 Ice Magic


You had 7 spell levels left.
You knew the following spells:

 Your Spells              Type           Power        Failure   Level  Hunger
a - Freeze                Ice            ###.         3%          1    None
b - Throw Frost           Conj/Ice       ##....       13%         2    ##.....
c - Ozocubu's Armour      Chrm/Ice       ###.....     14%         3    ###....

Your spell library contained the following spells:

 Spells                   Type           Power        Failure   Level  Hunger
 Throw Icicle             Conj/Ice       ##......     65%         4    ####...
 Summon Ice Beast         Ice/Summ       ##......     75%         4    ####...


Dungeon Overview and Level Annotations

Branches:
Dungeon (8/15)             Temple (1/1) D:6
   Lair: D:8-11

Altars:
Ashenzari
Cheibriados
Dithmenos
Elyvilon
Fedhas
Gozag
Hepliaklqana
Kikubaaqudgha
Makhleb
Nemelex Xobeh
Okawaru
Qazlal
Ru
Trog
Uskayaw
Vehumet
Wu Jian
Xom
Yredelemnul
Zin
The Shining One

Annotations:
D:6 Menkaure


Message History

You hit the hornet zombie.
The hornet zombie is lightly damaged.
The hornet zombie barely misses you.
The crimson imp blinks!
The hornet zombie misses you.
You hit the hornet zombie.
The hornet zombie is moderately damaged.
The hornet zombie hits you!
The crimson imp blinks!
You completely miss the hornet zombie.
The hornet zombie is moderately damaged.
The hornet zombie hits you but does no damage.
You hit the hornet zombie but do no damage.
The hornet zombie is moderately damaged.
The hornet zombie barely misses you.
You closely miss the hornet zombie.
The hornet zombie is moderately damaged.
The hornet zombie hits you! x2
* * * LOW HITPOINT WARNING * * *
It was a potion of haste.
You feel yourself speed up. The hornet zombie hits you!
You die...

.##.#...#.##.# ###...
.............# #.##'#
............#######....#
.........................
......#...#..............
....###..................
... #...####.#####...##
##...###.# #...#
#@...##.# #...# #Z...##.#
#...# ..[.....##^##.#
##...## .#####... .....
#...... #.##..###.
#....## .. ..# .###.#..##
##. ## .........## #.
#.###...<.. .. #......


You could see a hornet zombie.

Vanquished Creatures
  An ogre (D:4)
  A bullfrog (D:8)
  A crimson imp (D:8)
  A hound (D:6)
  An iguana (D:4)
  2 orc wizards (D:4)
  2 worker ants (D:4)
  5 adders
  A howler monkey skeleton (D:4)
  A worm (D:3)
  2 dart slugs
  A leopard gecko (D:2)
  12 orcs
  6 bats
  4 giant cockroaches
  6 goblins
  7 hobgoblins
  2 jackals (D:3)
  3 quokkas
  3 frilled lizards
  10 kobolds
  6 rats
78 creatures vanquished.

Notes
Turn   | Place    | Note
-------+----------+-------------------------------------------
     0 | D:1      | Hybris the Merfolk Ice Elementalist began the quest for the
                  | Orb.
     0 | D:1      | Reached XP level 1. HP: 13/13 MP: 3/3
   451 | D:1      | Reached XP level 2. HP: 19/19 MP: 5/5
   518 | D:1      | Reached skill level 4 in Ice Magic
   980 | D:1      | Learned a level 2 spell: Throw Frost
  1178 | D:2      | Reached skill level 1 in Conjurations
  1205 | D:2      | Reached XP level 3. HP: 24/24 MP: 0/6
  1364 | D:2      | Noticed a fire elemental
  1366 | D:2      | Found a stormy altar of Qazlal.
  1367 | D:2      | Noticed an air elemental
  1367 | D:2      | Noticed a water elemental
  1367 | D:2      | Noticed an earth elemental
  1817 | D:3      | Found a blossoming altar of Fedhas.
  2086 | D:3      | Learned a level 3 spell: Ozocubu's Armour
  2309 | D:3      | Reached skill level 1 in Charms
  2309 | D:3      | Reached XP level 4. HP: 27/30 MP: 2/7
  3216 | D:4      | Noticed an ogre
  3242 | D:4      | Noticed an ogre
  3291 | D:4      | Reached XP level 5. HP: 35/35 MP: 1/8
  4178 | D:4      | Reached XP level 6. HP: 21/41 MP: 0/10
  4421 | D:4      | Reached skill level 5 in Ice Magic
  4609 | D:4      | You fall into a shaft and drop 3 floors!
  4775 | D:6      | Found a staircase to the Ecumenical Temple.
  4800 | D:6      | Got a translucent spear
  4801 | D:6      | Identified the +5 spear "Oxzec" {freeze, rN+ Str-5 Stlth+}
                  | (You found it on level 6 of the Dungeon)
  4810 | Temple   | Entered the Ecumenical Temple
  4982 | Temple   | Became a worshipper of the Wu Jian Council
  5112 | D:6      | Noticed an orc warrior
  5121 | D:6      | Noticed Menkaure
  5141 | D:7      | Noticed a hippogriff
  5481 | D:8      | Found a burning altar of Makhleb.
  5672 | D:8      | Reached XP level 7. HP: 42/46 MP: 12/12
  5703 | D:8      | Slain by a hornet zombie

Levels and vault maps discovered:
D:1:      nzn_arrival_depleted_hourglass, layout_loops_corners
D:2:      layout_loops_corners, nicolae_qazlal_style_of_elements, first_ration
D:3:      layout_loops_corners, lemuel_round_altar, serial_rivers,
          chequers_serial_rivers_micro_b, chequers_serial_rivers_room_a,
          chequers_serial_rivers_micro_e, chequers_serial_rivers_room_b
D:4:      layout_cave_pools
D:6:      cheibrodos_steamvent, layout_basic, minmay_temple_entry_sparse_star,
          uniq_menkaure
D:7:      layout_rooms, grunt_livestock
D:8:      layout_loops_cross, makhleb_grotto_becter, uniq_joseph
Temple:   eino_narrow_crystal_temple

Skill      XL: |  1  2  3  4  5  6 |
---------------+-------------------+-----
Ice Magic      | 4 5 |  5.3
Conjurations   | 1 |  1.3
Charms         | 1 3 4 |  4.2
Spellcasting   | 3 |  3.5
Polearms       | 3 |  3.5
Dodging        | |  2.6
Stealth        | |  2.1

Action                   |  1- 3 |  4- 6 |  7- 9 || total
-------------------------+-------+-------+-------++-------
Melee: Unarmed           |     3 |       |       ||     3
       Short sword       |    72 |   124 |       ||   196
       Hand axe          |     7 |       |       ||     7
       Spear             |       |    13 |    13 ||    26
 Fire: Hunting sling     |    17 |       |       ||    17
Throw: Dart              |       |     1 |       ||     1
 Cast: Freeze            |    21 |    18 |       ||    39
       Throw Frost       |     1 |    14 |       ||    15
       Ozocubu's Armour  |       |     3 |       ||     3
Invok: Lunge             |       |     1 |       ||     1
  Use: Scroll            |       |     4 |       ||     4
       Potion            |       |       |     1 ||     1
 Stab: Sleeping          |     5 |     3 |     2 ||    10
  Eat: Chunk             |     5 |    10 |       ||    15
       Ration            |       |     1 |       ||     1
Armor: Leather armour    |    30 |    46 |     1 ||    77
Dodge: Dodged            |    59 |   100 |     6 ||   165
